 Dungeon Crawl Stone Soup version 0.25.1-8-g42b30a86e7 (webtiles) character file.

Game seed: 15124483220242715388

84 Clowwww the Skirmisher (level 4, -2/50 HPs)
             Began as an Ogre Berserker on Dec 6, 2020.
             Was a Believer of Trog.
             Killed by divine providence
             ... invoked by an orc priest
              (14 damage)
             ... on level 3 of the Dungeon.
             The game lasted 00:04:19 (2558 turns).

Clowwww the Skirmisher (Ogre Berserker)             Turns: 2558, Time: 00:04:20

Health: -2/50      AC:  3    Str: 22    XL:     4   Next: 46%
Magic:  4/4        EV: 10    Int:  8    God:    Trog [**....]
Gold:   36         SH:  0    Dex:  8    Spells: 3/3 levels left

rFire    . . .     SeeInvis .   a - +0 mace
rCold    . . .     Gourm    .   (no shield)
rNeg     . . .     Faith    .   b - +0 animal skin
rPois    .         Spirit   .   (helmet restricted)
rElec    .         Reflect  .   (no cloak)
rCorr    .         Harm     .   (gloves unavailable)
MR       .....                  (boots unavailable)
Stlth    +.........             (no amulet)
HPRegen  0.16/turn              (no ring)
MPRegen  0.09/turn              (no ring)

@: lethally poisoned (-2 -> -6)
A: large, unfitting armour, tough skin 1
a: Berserk, Trog's Hand, Renounce Religion


You were on level 3 of the Dungeon.
You worshipped Trog.
Trog was pleased with you.
You were not hungry.

You visited 1 branch of the dungeon, and saw 3 of its levels.

You collected 36 gold pieces.

Inventory:

Hand Weapons
 a - a +0 mace (weapon)
Armour
 b - a +0 animal skin (worn)
Jewellery
 h - an uncursed ring of poison resistance {unknown}
Scrolls
 e - 2 scrolls of remove curse {unknown}
 f - 2 scrolls of immolation {unknown}
 g - 3 scrolls of identify {unknown}
 i - a scroll of amnesia {unknown}
 j - a scroll of fog {unknown}
 m - 3 scrolls of teleportation {unknown}
 n - a scroll of enchant armour {unknown}
Potions
 d - a potion of curing {unknown}
 l - a potion of degeneration {unknown}
 o - a potion of cancellation {unknown}
Comestibles
 c - 5 rations
 k - 3 chunks of flesh


   Skills:
 + Level 5.2 Fighting
 + Level 3.6 Maces & Flails
 + Level 3.2 Dodging


You had 3 spell levels left.
You didn't know any spells.
Your spell library was empty.

Dungeon Overview and Level Annotations

Branches:
Dungeon (3/15)

Altars:
Yredelemnul


Innate Abilities, Weirdness & Mutations

You are too large for most types of armour.
You have tough skin. (AC +1)


Message History

You kill the orc!
Trog accepts your kill.
The orc priest invokes the aid of Beogh against you.
Pain shoots through your body!
You closely miss the worker ant. The worker ant bites you.
* * * LOW HITPOINT WARNING * * *
You are poisoned.
The worker ant poisons you!
The orc priest looks satisfied for a moment.
The worker ant barely misses you.
You closely miss the worker ant.
You feel sick. The worker ant barely misses you.
You feel sick.
An adder comes into view.
The orc misses you. The worker ant closely misses you.
There is a stone staircase leading up here.
You feel sick.
The orc priest invokes the aid of Beogh against you.
Beogh smites you!
You die...

###### ........##
.....#..## ##
..?..... .. .. ..S#
###.##.##.(#
#.......#..#
##..#o.#######
#...oa@.......
###.#...#########
#.....# #..รท.#
######..# #.##.###
.........####.#<...#
#.#####.......#..#.#
######..#...<#
#..#....# #..#.#..#


You could see a worker ant, an orc priest, an adder (wandering) and an orc.

Vanquished Creatures
  2 adders
  An ooze (D:2)
  3 dart slugs
  4 leopard geckos (D:2)
  An orc (D:3)
  6 goblins
  4 hobgoblins
  8 jackals
  7 kobolds
  A quokka (D:2)
  A ball python (D:2)
  5 bats
  3 frilled lizards
  4 rats
50 creatures vanquished.

Notes
Turn   | Place    | Note
-------+----------+-------------------------------------------
     0 | D:1      | Clowwww the Ogre Berserker began the quest for the Orb.
     0 | D:1      | Reached XP level 1. HP: 24/24 MP: 1/1
   249 | D:1      | Reached XP level 2. HP: 31/32 MP: 2/2
  1144 | D:1      | Reached XP level 3. HP: 38/40 MP: 3/3
  1266 | D:2      | Reached ** piety under Trog
  1472 | D:2      | Found a basalt altar of Yredelemnul.
  1781 | D:2      | Reached skill level 5 in Fighting
  1781 | D:2      | Reached XP level 4. HP: 24/50 MP: 4/4
  2558 | D:3      | Killed from afar by an orc priest

Illustrated notes

Levels and vault maps discovered:
D:1:      tarquinn_simple_flora_water_a, layout_basic
D:2:      layout_loops_ring, yredelemnul_altar_generic, serial_park_tiny_pond,
          minivault_4, minivault_14
D:3:      layout_basic, lemuel_doored_altar, uniq_terence, uniq_grinder

Skill      XL: |  1  2  3 |
---------------+----------+-----
Maces & Flails | 3 |  3.6
Dodging        | 3 |  3.2
Fighting       | 5 |  5.2

Action                   |  1- 3 |  4- 6 || total
-------------------------+-------+-------++-------
Melee: Mace              |   150 |    35 ||   185
  Eat: Chunk             |     3 |     2 ||     5
Armor: Animal skin       |    59 |     9 ||    68
Dodge: Dodged            |   111 |    20 ||   131
